 Dungeon Crawl Stone Soup version 0.13-a0-2301-g23820b6 (webtiles) character file.

246 M4edhros the Sneak (level 5, -7/34 HPs)
             Began as an Octopode Artificer on July 8, 2013.
             Killed from afar by smajdalf's ghost (10 damage)
             ... with a magic dart
             ... on Level 4 of the Dungeon.
             The game lasted 00:01:47 (1924 turns).

M4edhros the Sneak (Octopode Artificer)             Turns: 1924, Time: 00:01:48

HP  -7/34        AC  1     Str 10      XL: 5   Next:  3%
MP   3/7         EV 12     Int 16      God:
Gold 127         SH  0     Dex 12      Spells:  0 memorised,  4 levels left

Res.Fire  : . . .   See Invis. : .   a - +0 short sword
Res.Cold  : . . .   Warding    : .   (no shield)
Life Prot.: . . .   Conserve   : .   (helmet restricted)
Res.Poison: .       Res.Corr.  : .   (no amulet)
Res.Elec. : .       Clarity    : .   (no ring)
Sust.Abil.: . .     Spirit.Shd : .   (no ring)
Res.Mut.  : .       Stasis     : .   (no ring)
Res.Rott. : .       Flight     : .   (no ring)
Saprovore : . . .                    (no ring)
                                     (no ring)
                                     (no ring)
                                     (no ring)

@: slightly resistant to hostile enchantments, very stealthy
A: almost no armour, amphibious, 8 rings, constrict 8, camouflage 1, AC +1
a: no special abilities


You were on level 4 of the Dungeon.
You were not hungry.

You visited 1 branch of the dungeon, and saw 4 of its levels.

You collected 107 gold pieces.

Inventory:

Hand weapons
 a - a +0,+0 short sword (weapon)
 q - a +2,+2 orcish anti-magic hand axe (quivered)
Magical devices
 b - a wand of flame (15)
 c - a wand of enslavement (13)
 d - a wand of random effects (15)
Comestibles
 f - 2 bread rations
 g - 2 meat rations
 n - a choko
 o - a chunk of quokka flesh
Scrolls
 h - a scroll of fog {unknown}
 j - 2 scrolls of identify {unknown}
 k - 4 scrolls of teleportation {unknown}
 l - a scroll of fear {unknown}
 m - a scroll of random uselessness {unknown}
 p - a scroll of magic mapping {unknown}
Potions
 e - a potion of brilliance
 i - 4 potions of curing {unknown}


   Skills:
 - Level 1.0 Fighting
 + Level 3.0 Short Blades
 - Level 2.0 Dodging
 * Level 5.1 Stealth
 - Level 2.1 Traps
 - Level 3.2 Evocations


You had 4 spell levels left.
You didn't know any spells.

Dungeon Overview and Level Annotations

Branches:
Dungeon (4/27)
 Temple: D:4-7

Altars:

Annotations
D:3 Grinder
D:4 smajdalf's ghost, average DrCj


Innate Abilities, Weirdness & Mutations

You cannot wear most types of armour.
You are amphibious.
You can wear up to eight rings at the same time.
You can use your tentacles to constrict many enemies at once.
Your skin changes colour to match your surroundings (Stlth).
Your rubbery body absorbs attacks (AC +1).


Message History

The hound bites you.
* * * LOW HITPOINT WARNING * * *
The hound barely misses you.
Smajdalf's ghost screams, "Don't try to defend!
You have no chance!"
The hound gazes forward, looking utterly alone.
The hound bites you.
* * * LOW HITPOINT WARNING * * *
Evoke which item? (* to show all) (? for menu, Esc to quit)
Zapping:
c - a wand of enslavement (14)
Press: ? - help, Shift-Dir - straight line, f - hound
Aim: a hound (severely wounded)
The hound resists with some effort.
This wand has 13 charges left.
The hound bites you but does no damage. The hound closely misses you.
There is a stone staircase leading up here.
The hound bites you.
* * * LOW HITPOINT WARNING * * *
Smajdalf's ghost casts a spell at you. The magic dart hits you!
You die...

... ....
......
.......
#####.......
#@..........
#hp..........
#..[.........
###..........
#...........
#...........
#...........
#..........
#..........


You could see a hound and smajdalf's ghost.

Vanquished Creatures
  5 adders (D:3)
  2 giant mites (D:3)
  2 worms
  A giant gecko (D:3)
  An orc (D:4)
  4 giant cockroaches
  3 goblins
  10 hobgoblins
  A kobold (D:3)
  A quokka (D:3)
  2 ball pythons
  6 bats
  A giant newt (D:3)
  8 rats
47 creatures vanquished.

Vanquished Creatures (collateral kills)
  An ooze (D:3)
1 creature vanquished.

Grand Total: 48 creatures vanquished

Notes
Turn   | Place    | Note
--------------------------------------------------------------
     0 | D:1      | M4edhros, the Octopode Artificer, began the quest for the Orb.
     0 | D:1      | Reached XP level 1. HP: 14/14 MP: 1/1
   137 | D:1      | Reached XP level 2. HP: 10/19 MP: 3/3
  1085 | D:2      | Reached XP level 3. HP: 10/24 MP: 4/4
  1375 | D:3      | Reached skill level 4 in Stealth
  1375 | D:3      | Reached XP level 4. HP: 25/29 MP: 6/6
  1430 | D:3      | Noticed Grinder
  1727 | D:3      | Reached skill level 5 in Stealth
  1845 | D:3      | Reached XP level 5. HP: 34/34 MP: 7/7
  1911 | D:4      | Noticed smajdalf's ghost (average DrCj)
  1924 | D:4      | Killed from afar by smajdalf's ghost

Action                   |  1- 3 |  4- 6 || total
-------------------------+-------+-------++-------
Melee: Short sword       |    71 |    40 ||   111
Evoke: Wand              |       |     2 ||     2
  Use: Potion            |     2 |       ||     2
 Stab: Sleeping          |     6 |     7 ||    13
